 Dungeon Crawl Stone Soup version 0.20-a0-494-gf50ee04 (webtiles) character file.

44 M4edhros the Sneak (level 3, -1/23 HPs)
             Began as an Octopode Artificer on Jan 17, 2017.
             Slain by a worker ant (6 damage)
             ... on level 4 of the Dungeon.
             The game lasted 00:00:39 (447 turns).

M4edhros the Sneak (Octopode Artificer)              Turns: 447, Time: 00:00:39

Health: -1/23      AC:  1    Str: 11    XL:     3   Next: 62%
Magic:  5/5        EV: 13    Int: 13    God:
Gold:   57         SH:  0    Dex: 13    Spells: 2/2 levels left

rFire    . . .     SeeInvis .   i - +2 dagger (venom)
rCold    . . .     Gourm    .   (no shield)
rNeg     . . .     Faith    .   (helmet restricted)
rPois    .         Spirit   .   (no amulet)
rElec    .         Reflect  .   (no ring)
rCorr    .         Harm     .   (no ring)
MR       .....                  (no ring)
Stlth    ++++......             (no ring)
Regen    0.1/turn               (no ring)
                                (no ring)
                                (no ring)
                                (no ring)

@: no status effects
A: almost no armour, stealthy swim, amphibious, 8 rings, constrict 8, camouflage
1, gelatinous body 1
a: no special abilities


You were on level 4 of the Dungeon.
You were not hungry.

You visited 1 branch of the dungeon, and saw 4 of its levels.

You collected 57 gold pieces.

Inventory:

Hand Weapons
 a - a +0 short sword
 i - a +2 dagger of venom (weapon)
Missiles
 e - 82 stones (quivered)
 k - 6 curare-tipped needles
Wands
 b - a wand of flame (15/48)
 c - a wand of enslavement (15/24)
 d - a wand of random effects (15/48)
Scrolls
 j - 2 scrolls of identify {unknown}
 l - a scroll of teleportation {unknown}
 o - a scroll of random uselessness {unknown}
Potions
 g - 2 potions of heal wounds {unknown}
 h - a potion of degeneration {unknown}
 m - a potion of invisibility {unknown}
Comestibles
 f - 3 bread rations
 n - a chunk of flesh


   Skills:
 - Level 1.0 Fighting
 - Level 1.0 Short Blades
 - Level 2.0 Dodging
 + Level 4.9 Stealth
 - Level 3.2 Evocations


You had 2 spell levels left.
You didn't know any spells.

Dungeon Overview and Level Annotations

Branches:
Dungeon (4/15)
 Temple: D:4-7

Altars:

Annotations:
D:3 M4edhros's ghost, amateur OpAr


Innate Abilities, Weirdness & Mutations

You cannot wear most types of armour.
You are very stealthy in the water. (Stealth+)
You are amphibious.
You can wear up to eight rings at the same time.
You can use your tentacles to constrict eight enemies at once.
Your skin changes colour to match your surroundings (Stealth+).
Your rubbery body absorbs attacks. (AC +1, EV +1)


Message History

f - 3 bread rations (gained 1)
Found a stone staircase leading up.
No target in view!
A worker ant comes into view.
The worker ant twitches its antennae in your direction.
The worker ant misses you.
You barely miss the worker ant. You grab the worker ant.
You constrict the worker ant, but do no damage.
The worker ant bites you.
You hit the worker ant.
The worker ant is moderately wounded.
You constrict the worker ant. The worker ant bites you!
* * * LOW HITPOINT WARNING * * *
You are too injured to fight recklessly!
You hit the worker ant but do no damage.
The worker ant is poisoned.
The worker ant is moderately wounded.
You constrict the worker ant, but do no damage.
The worker ant bites you.
You die...

###.........##.# #
###..#....[.#.##(# #.
......#....#..##.#
#.####....#..#...##..
..........#.....##.#
.###.....##....##.#
..#.#.###.#...##.#
#a#...# #..#..##.. #
#@#.### #...#.###.
#..#.#.# #....##...
#......# #....##...
..(..........##...#..#..
.###.#....#..##..#....#.
#.#..###.###.#......# .
.... # ##........ #
.#.<# ######### ..#..#


You could see a worker ant.

Vanquished Creatures
  2 adders
  A worm (D:2)
  A dart slug (D:1)
  A leopard gecko (D:3)
  A bat (D:1)
  4 giant cockroaches
  4 goblins
  A hobgoblin (D:1)
  2 frilled lizards
  A kobold (D:1)
  5 rats
23 creatures vanquished.

Notes
Turn   | Place    | Note
-------+----------+-------------------------------------------
     0 | D:1      | M4edhros the Octopode Artificer began the quest for the Orb.
     0 | D:1      | Reached XP level 1. HP: 13/13 MP: 3/3
     8 | D:1      | Reached skill level 2 in Stealth
    43 | D:1      | Reached skill level 3 in Stealth
    43 | D:1      | Reached XP level 2. HP: 13/18 MP: 4/4
   261 | D:2      | Reached skill level 4 in Stealth
   261 | D:2      | Reached XP level 3. HP: 19/23 MP: 5/5
   399 | D:3      | Noticed M4edhros's ghost (amateur OpAr)
   447 | D:4      | Slain by a worker ant

Vault maps used:
D:1:      dpeg_arrival_tiny_i
D:2:      first_bread
D:3:      corexii_hall_statues_u
D:4:      serial_shops, shop_statue, hangedman_decor_slide_cut

Skill      XL: |  1  2 |
---------------+-------+-----
Stealth        | 3 4 |  4.9
Fighting       | |  1.0
Short Blades   | |  1.0
Dodging        | |  2.0
Evocations     | |  3.2

Action                   || total
-------------------------++-------
Melee: Short sword       ||    18
       Tentacles         ||     6
       Constrict         ||     5
       Dagger            ||    20
 Stab: Sleeping          ||    11
Armor: Skin              ||     1
Dodge: Dodged            ||    12
